[ AOE2 MATCH · #506744439 ]
UnrankedVietnamese vs Spanish
Rival team · LOSS
[ REPLAY ANALYSIS · EXTRACTED FROM THE RECORDED GAME ]
Feudal
12:14
Castle
16:31
Imperial
36:38
| APM avg | 76.0 |
| APM peak | 128 |
| eAPM avg | 33.7 |
| Villagers / military | 138 / 102 |
Focus
⚔️ 50.8% · 🌾 49.2%
Cavalry Archer ×48 · Skirmisher ×37 · Monk ×4 · Militia ×4 · Trebuchet (Packed) ×3 · Scorpion ×2
Feudal
8:32
Castle
19:31
Imperial
—
| APM avg | 75.7 |
| APM peak | 128 |
| eAPM avg | 22.6 |
| Villagers / military | 84 / 56 |
Focus
⚔️ 48.3% · 🌾 51.7%
Skirmisher ×29 · Conquistador ×27
Match map
Initial resources + every placement click. Lines = walls · curves = elevation contours. ◆ gold · ⬟ stone · ● berries · ✦ relic · ◌ wall gap
Your base· ✓ Closed at 16:31 · 40t walls · no gate
Macluffy's base· ✓ Closed at 19:31 · 67t walls · 1 gate(s)
Smoothed initial terrain · ◌ = detected wall gap · hover for details
Inputs per minute
— hK | Keno_ - - Macluffy
Build order — hK | Keno_
First 150 of 372 actions detected
| 0:00 | Queue | Villager (Male) |
| 0:00 | Queue | Villager (Male) |
| 0:01 | Queue | Villager (Male) |
| 0:02 | Build | House |
| 0:03 | Build | House |
| 0:08 | Queue | Villager (Male) |
| 0:09 | Queue | Villager (Male) |
| 1:30 | Queue | Villager (Male) |
| 1:55 | Build | Lumber Camp |
| 2:00 | Queue | Villager (Male) |
| 2:18 | Queue | Villager (Male) |
| 2:44 | Queue | Villager (Male) |
| 2:44 | Queue | Villager (Male) |
| 3:07 | Queue | Villager (Male) |
| 3:08 | Queue | Villager (Male) |
| 3:29 | Queue | Villager (Male) |
| 3:29 | Queue | Villager (Male) |
| 3:51 | Build | House |
| 3:55 | Queue | Villager (Male) |
| 3:55 | Queue | Villager (Male) |
| 4:17 | Queue | Villager (Male) |
| 4:17 | Queue | Villager (Male) |
| 4:36 | Build | Barracks |
| 4:44 | Queue | Villager (Male) |
| 5:01 | Build | House |
| 5:10 | Queue | Villager (Male) |
| 5:30 | Queue | Militia |
| 5:30 | Queue | Militia |
| 5:30 | Queue | Militia |
| 5:35 | Queue | Villager (Male) |
| 5:55 | Build | House |
| 5:59 | Build | Palisade Wall |
| 6:08 | Build | Palisade Wall |
| 6:14 | Queue | Villager (Male) |
| 6:17 | Queue | Villager (Male) |
| 6:25 | Queue | Militia |
| 6:28 | Build | House |
| 6:32 | Build | Mill |
| 6:37 | Queue | Villager (Male) |
| 6:37 | Queue | Villager (Male) |
| 6:54 | Queue | Villager (Male) |
| 6:57 | Build | Palisade Wall |
| 7:00 | Queue | Villager (Male) |
| 7:08 | Queue | Villager (Male) |
| 7:53 | Queue | Villager (Male) |
| 8:14 | Build | Farm |
| 8:17 | Build | Farm |
| 8:18 | Build | Farm |
| 8:19 | Build | Farm |
| 8:25 | Research | Loom |
| 8:25 | Queue | Villager (Male) |
| 8:48 | Build | Palisade Wall |
| 8:52 | Build | Palisade Wall |
| 9:15 | Build | Palisade Wall |
| 9:34 | Queue | Villager (Male) |
| 9:59 | Build | Palisade Wall |
| 10:00 | Build | Palisade Wall |
| 10:04 | Research | Feudal Age |
| 10:11 | Build | Farm |
| 10:21 | Build | Palisade Wall |
| 10:51 | Build | Mining Camp |
| 12:09 | Queue | Villager (Male) |
| 12:14 | Age | Feudal Age |
| 12:18 | Build | Blacksmith |
| 12:25 | Build | Archery Range |
| 12:28 | Queue | Villager (Male) |
| 13:05 | Build | House |
| 13:06 | Queue | Villager (Male) |
| 13:25 | Queue | Archer |
| 13:51 | Research | Castle Age |
| 13:59 | Build | Archery Range |
| 14:17 | Build | Palisade Wall |
| 14:35 | Research | Double-Bit Axe |
| 14:42 | Research | Horse Collar |
| 14:56 | Build | Farm |
| 14:57 | Build | Farm |
| 15:00 | Build | Farm |
| 15:57 | Research | Fletching |
| 16:31 | Age | Castle Age |
| 16:32 | Queue | Villager (Male) |
| 16:33 | Queue | Cavalry Archer |
| 16:33 | Queue | Cavalry Archer |
| 16:35 | Queue | Fire Lancer |
| 16:39 | Queue | Villager (Male) |
| 16:40 | Build | Farm |
| 16:43 | Build | House |
| 16:47 | Build | Farm |
| 16:50 | Queue | Cavalry Archer |
| 16:51 | Queue | Cavalry Archer |
| 16:52 | Queue | Cavalry Archer |
| 16:59 | Queue | Villager (Male) |
| 17:10 | Build | Siege Workshop |
| 17:28 | Build | Siege Workshop |
| 17:32 | Queue | Fire Lancer |
| 17:35 | Queue | Cavalry Archer |
| 17:38 | Queue | Villager (Male) |
| 17:41 | Queue | Cavalry Archer |
| 17:58 | Queue | Cavalry Archer |
| 17:58 | Queue | Cavalry Archer |
| 17:59 | Queue | Villager (Male) |
| 18:18 | Queue | Battering Ram |
| 18:34 | Queue | Scorpion |
| 18:37 | Queue | Villager (Male) |
| 18:38 | Queue | Cavalry Archer |
| 18:38 | Queue | Cavalry Archer |
| 18:44 | Build | House |
| 18:44 | Queue | Villager (Male) |
| 18:49 | Research | Bow Saw |
| 19:13 | Queue | Cavalry Archer |
| 19:21 | Queue | Villager (Male) |
| 19:25 | Queue | Scorpion |
| 19:29 | Queue | Villager (Male) |
| 19:29 | Build | Farm |
| 19:35 | Queue | Cavalry Archer |
| 19:35 | Queue | Cavalry Archer |
| 19:42 | Queue | Villager (Male) |
| 19:44 | Build | Farm |
| 19:55 | Build | House |
| 20:14 | Build | House |
| 20:25 | Queue | Villager (Male) |
| 20:26 | Queue | Villager (Male) |
| 20:28 | Queue | Cavalry Archer |
| 20:50 | Queue | Cavalry Archer |
| 20:50 | Queue | Villager (Male) |
| 20:59 | Build | Town Center |
| 21:12 | Queue | Villager (Male) |
| 21:18 | Build | House |
| 21:27 | Queue | Villager (Male) |
| 21:31 | Research | Wheelbarrow |
| 21:40 | Queue | Cavalry Archer |
| 21:58 | Queue | Cavalry Archer |
| 22:35 | Queue | Cavalry Archer |
| 22:52 | Queue | Villager (Male) |
| 22:53 | Queue | Villager (Male) |
| 23:01 | Build | Town Center |
| 23:06 | Queue | Cavalry Archer |
| 23:06 | Queue | Cavalry Archer |
| 23:07 | Queue | Villager (Male) |
| 23:08 | Queue | Villager (Male) |
| 23:09 | Build | Farm |
| 23:10 | Build | Farm |
| 23:11 | Build | Farm |
| 23:13 | Queue | Villager (Male) |
| 23:15 | Build | House |
| 23:33 | Queue | Villager (Male) |
| 23:35 | Build | Monastery |
| 23:37 | Queue | Villager (Male) |
| 23:51 | Research | Bodkin Arrow |
| 24:19 | Queue | Villager (Male) |
| 24:19 | Queue | Villager (Male) |
Build order — Macluffy
First 150 of 250 actions detected
| 0:00 | Queue | Villager (Male) |
| 0:01 | Queue | Villager (Male) |
| 0:01 | Queue | Villager (Male) |
| 0:02 | Build | House |
| 0:05 | Build | House |
| 0:08 | Queue | Villager (Male) |
| 1:24 | Queue | Villager (Male) |
| 1:24 | Queue | Villager (Male) |
| 1:48 | Queue | Villager (Male) |
| 1:52 | Build | Lumber Camp |
| 2:25 | Queue | Villager (Male) |
| 2:25 | Queue | Villager (Male) |
| 2:42 | Queue | Villager (Male) |
| 2:44 | Queue | Villager (Male) |
| 3:18 | Queue | Villager (Male) |
| 3:18 | Queue | Villager (Male) |
| 3:45 | Queue | Villager (Male) |
| 3:48 | Build | House |
| 4:01 | Build | House |
| 4:33 | Queue | Villager (Male) |
| 4:48 | Build | Mill |
| 4:53 | Queue | Villager (Male) |
| 5:02 | Queue | Villager (Male) |
| 5:36 | Queue | Villager (Male) |
| 6:22 | Research | Feudal Age |
| 7:23 | Build | Barracks |
| 7:24 | Queue | Villager (Male) |
| 7:27 | Research | Loom |
| 7:40 | Build | Palisade Wall |
| 7:57 | Build | Barracks |
| 7:58 | Queue | Villager (Male) |
| 8:02 | Build | Palisade Wall |
| 8:11 | Queue | Villager (Male) |
| 8:12 | Build | Palisade Wall |
| 8:14 | Build | Palisade Wall |
| 8:31 | Build | Palisade Wall |
| 8:32 | Age | Feudal Age |
| 8:57 | Build | Archery Range |
| 9:03 | Build | Archery Range |
| 9:07 | Build | House |
| 9:13 | Queue | Villager (Male) |
| 9:17 | Build | Farm |
| 9:39 | Research | Double-Bit Axe |
| 9:55 | Build | Palisade Wall |
| 9:57 | Queue | Skirmisher |
| 9:59 | Build | Palisade Wall |
| 10:00 | Build | Palisade Wall |
| 10:01 | Build | Palisade Wall |
| 10:06 | Queue | Villager (Male) |
| 10:16 | Build | Farm |
| 10:24 | Build | Palisade Wall |
| 10:31 | Build | House |
| 10:44 | Build | Farm |
| 10:46 | Queue | Villager (Male) |
| 10:51 | Build | Farm |
| 11:00 | Queue | Villager (Male) |
| 11:07 | Build | Palisade Wall |
| 11:08 | Build | Palisade Wall |
| 11:11 | Build | Farm |
| 11:12 | Queue | Villager (Male) |
| 11:23 | Build | Palisade Wall |
| 11:24 | Build | Palisade Wall |
| 11:25 | Build | Palisade Wall |
| 11:37 | Queue | Skirmisher |
| 11:40 | Build | House |
| 11:50 | Build | House |
| 11:52 | Queue | Skirmisher |
| 11:58 | Queue | Villager (Male) |
| 12:02 | Build | Palisade Wall |
| 12:17 | Build | House |
| 12:19 | Queue | Villager (Male) |
| 12:22 | Build | House |
| 12:34 | Build | Farm |
| 12:36 | Queue | Villager (Male) |
| 12:50 | Queue | Skirmisher |
| 12:51 | Queue | Villager (Male) |
| 12:56 | Queue | Villager (Male) |
| 13:08 | Build | Farm |
| 13:08 | Queue | Villager (Male) |
| 13:29 | Queue | Skirmisher |
| 13:32 | Build | Farm |
| 13:45 | Queue | Villager (Male) |
| 14:01 | Build | Mining Camp |
| 14:07 | Queue | Villager (Male) |
| 14:12 | Queue | Villager (Male) |
| 14:16 | Queue | Skirmisher |
| 14:25 | Build | House |
| 14:39 | Queue | Villager (Male) |
| 14:48 | Build | Palisade Wall |
| 14:49 | Build | Palisade Gate |
| 14:54 | Build | Palisade Wall |
| 14:56 | Build | Palisade Wall |
| 14:59 | Build | Farm |
| 15:12 | Queue | Villager (Male) |
| 15:21 | Build | Farm |
| 15:22 | Build | Farm |
| 15:52 | Queue | Villager (Male) |
| 15:58 | Build | Market |
| 16:06 | Queue | Villager (Male) |
| 16:20 | Build | House |
| 16:31 | Queue | Villager (Male) |
| 16:40 | Build | Mining Camp |
| 16:51 | Research | Castle Age |
| 17:15 | Research | Horse Collar |
| 17:57 | Queue | Skirmisher |
| 18:08 | Build | Blacksmith |
| 18:24 | Build | House |
| 18:40 | Build | House |
| 18:46 | Research | Fletching |
| 18:50 | Build | Stone Wall |
| 18:53 | Build | Stone Wall |
| 18:55 | Queue | Skirmisher |
| 19:31 | Age | Castle Age |
| 19:44 | Queue | Villager (Male) |
| 19:46 | Build | Castle |
| 19:54 | Build | Palisade Gate |
| 20:27 | Queue | Conquistador |
| 20:31 | Build | Farm |
| 20:44 | Queue | Conquistador |
| 20:45 | Build | Farm |
| 20:45 | Build | Farm |
| 20:59 | Build | Stone Wall |
| 21:08 | Build | Lumber Camp |
| 21:11 | Queue | Conquistador |
| 21:40 | Queue | Conquistador |
| 21:54 | Queue | Villager (Male) |
| 21:57 | Build | House |
| 22:05 | Build | Palisade Wall |
| 22:14 | Queue | Villager (Male) |
| 22:38 | Queue | Villager (Male) |
| 22:57 | Build | Farm |
| 22:57 | Build | Farm |
| 23:03 | Build | Archery Range |
| 23:06 | Build | House |
| 23:14 | Research | Padded Archer Armor |
| 23:23 | Build | Farm |
| 23:30 | Queue | Conquistador |
| 23:31 | Queue | Villager (Male) |
| 23:36 | Build | House |
| 23:42 | Queue | Conquistador |
| 23:57 | Build | Farm |
| 23:59 | Build | Farm |
| 24:00 | Queue | Villager (Male) |
| 24:16 | Queue | Conquistador |
| 24:17 | Queue | Skirmisher |
| 24:39 | Queue | Conquistador |
| 24:48 | Research | Elite Skirmisher (upgrade) |
| 24:50 | Queue | Villager (Male) |
| 24:53 | Build | House |
| 24:53 | Build | House |
Match timeline
| 4:36 | hK | Keno_ · first_building Barracks |
| 5:59 | hK | Keno_ · wall_segment Palisade Wall x1 |
| 6:08 | hK | Keno_ · wall_segment Palisade Wall x1 |
| 6:57 | hK | Keno_ · wall_segment Palisade Wall x4 |
| 7:23 | Macluffy · first_building Barracks |
| 7:40 | Macluffy · wall_segment Palisade Wall x1 |
| 8:02 | Macluffy · wall_segment Palisade Wall x1 |
| 8:12 | Macluffy · wall_segment Palisade Wall x1 |
| 8:14 | Macluffy · wall_segment Palisade Wall x1 |
| 8:31 | Macluffy · wall_segment Palisade Wall x1 |
| 8:32 | Macluffy · age_up feudal |
| 8:48 | hK | Keno_ · wall_segment Palisade Wall x3 |
| 8:52 | hK | Keno_ · wall_segment Palisade Wall x15 |
| 8:57 | Macluffy · first_building Archery Range |
| 9:15 | hK | Keno_ · wall_segment Palisade Wall x10 |
| 9:55 | Macluffy · wall_segment Palisade Wall x7 |
| 9:59 | hK | Keno_ · wall_segment Palisade Wall x2 |
| 9:59 | Macluffy · wall_segment Palisade Wall x1 |
| 10:00 | hK | Keno_ · wall_segment Palisade Wall x1 |
| 10:00 | Macluffy · wall_segment Palisade Wall x1 |
| 10:01 | Macluffy · wall_segment Palisade Wall x2 |
| 10:21 | hK | Keno_ · wall_segment Palisade Wall x3 |
| 10:24 | Macluffy · wall_segment Palisade Wall x1 |
| 11:07 | Macluffy · wall_segment Palisade Wall x11 |
| 11:08 | Macluffy · wall_segment Palisade Wall x7 |
| 11:23 | Macluffy · wall_segment Palisade Wall x1 |
| 11:24 | Macluffy · wall_segment Palisade Wall x1 |
| 11:25 | Macluffy · wall_segment Palisade Wall x1 |
| 12:02 | Macluffy · wall_segment Palisade Wall x9 |
| 12:14 | hK | Keno_ · age_up feudal |
| 12:25 | hK | Keno_ · first_building Archery Range |
| 14:17 | hK | Keno_ · wall_segment Palisade Wall x1 |
| 14:48 | Macluffy · wall_segment Palisade Wall x1 |
| 14:54 | Macluffy · wall_segment Palisade Wall x3 |
| 14:56 | Macluffy · wall_segment Palisade Wall x13 |
| 16:31 | hK | Keno_ · age_up castle |
| 16:48 | Macluffy · first_market_sell 100 stone |
| 16:48 | Macluffy · first_market_buy 100 food |
| 17:10 | hK | Keno_ · first_building Siege Workshop |
| 18:50 | Macluffy · wall_segment Stone Wall x3 |
| 18:53 | Macluffy · wall_segment Stone Wall x4 |
| 19:31 | Macluffy · age_up castle |
| 19:46 | Macluffy · first_building Castle |
| 20:59 | Macluffy · wall_segment Stone Wall x8 |
| 22:05 | Macluffy · wall_segment Palisade Wall x1 |
| 23:35 | hK | Keno_ · first_building Monastery |
| 24:56 | Macluffy · wall_segment Palisade Wall x1 |
| 26:02 | hK | Keno_ · first_building Stable |
| 29:00 | hK | Keno_ · first_building Castle |
| 31:03 | Macluffy · first_building Stable |
| 36:38 | hK | Keno_ · age_up imperial |
| 36:43 | hK | Keno_ · first_market_sell 100 food |
| 38:14 | Macluffy · resign |
[ AI ANALYSIS · 1 CREDIT ]
What really happened in this match?
Wolo.gg analyzes every decision: build order, eco, micro, common mistakes by bracket. Personalized analysis on WhatsApp or Discord in 30 seconds.
Civ guide
Vietnamese
Perfil
Jugador #312774